EVO
FRESNO STATE UNIVERSITY BULLDOGS @ VANDERBILT UNIVERSITY COMMODORES
07/19/2044
 
TOP OF THE 1ST
Fresno State University Bulldogs batting - Pitching for Vanderbilt University Commodores : RHP Francisco Galindo
Pitching: RHP Francisco Galindo
Batting: RHB Janne Vihko 0-0: Ball
1-0: Foul Ball, location: 2F
1-1: Ground out 5-3 (Groundball, 56S, EV 79.4 MPH)
Batting: LHB Vinny Rivera 0-0: Ball
1-0: Foul Ball, location: 2F
1-1: Fly out, F9 (Flyball, 89M, EV 83.8 MPH)
Batting: RHB Tommy Tracy 0-0: Ball
1-0: Ground out 6-3 (Groundball, 6S, EV 63.8 MPH)
Top of the 1st over - 0 runs, 0 hits, 0 errors, 0 left on base; Fresno State University 0 - Vanderbilt University 0
BOTTOM OF THE 1ST
Vanderbilt University Commodores batting - Pitching for Fresno State University Bulldogs : LHP Cory Youngquist
Pitching: LHP Cory Youngquist
Batting: RHB Chris Maul 0-0: Called Strike
0-1: Swinging Strike
0-2: Ball
1-2: Strikes out swinging
Batting: RHB Sam Spohn 0-0: Ball
1-0: Foul Ball, location: 2F
1-1: Ball
2-1: Ground out 5-3 (Groundball, 5L, EV 78.8 MPH)
Batting: RHB Jonathan Mendoza 0-0: Ball
1-0: Ball
2-0: Called Strike
2-1: SINGLE (Groundball, 34D, EV 105.6 MPH)
Batting: RHB Ben Politi 0-0: Swinging Strike
0-1: Ball
1-1: Ball
2-1: Called Strike
2-2: Strikes out swinging
Bottom of the 1st over - 0 runs, 1 hit, 0 errors, 1 left on base; Fresno State University 0 - Vanderbilt University 0
TOP OF THE 2ND
Fresno State University Bulldogs batting - Pitching for Vanderbilt University Commodores : RHP Francisco Galindo
Batting: RHB Todd Vanasco 0-0: Ball
1-0: Ball
2-0: Ball
3-0: Called Strike
3-1: Base on Balls
Batting: LHB Mike Roberts 0-0: Ball
1-0: Ball
2-0: Called Strike
2-1: SINGLE (Line Drive, 34, EV 99.4 MPH)
Todd Vanasco to second
Batting: RHB Miguel Velasco 0-0: Swinging Strike
0-1: Called Strike
0-2: Strikes out swinging
Batting: RHB Ryan Miller 0-0: Foul Ball, location: 2F
0-1: Ball
1-1: Ball
2-1: Ball
3-1: Fly out, F9 (Flyball, 9, EV 83.8 MPH)
Batting: SHB Javy Franco 0-0: Ball
Passed Ball!
Todd Vanasco to third
Mike Roberts to second
1-0: Called Strike
1-1: Fly out, F7 (Flyball, 7, EV 96.2 MPH)
Top of the 2nd over - 0 runs, 1 hit, 0 errors, 2 left on base; Fresno State University 0 - Vanderbilt University 0
BOTTOM OF THE 2ND
Vanderbilt University Commodores batting - Pitching for Fresno State University Bulldogs : LHP Cory Youngquist
Batting: RHB Jeremy Harden 0-0: Called Strike
0-1: Foul Ball, location: 2F
0-2: Strikes out swinging
Batting: RHB Michael Powell 0-0: Called Strike
0-1: Foul Ball, location: 2F
0-2: Strikes out looking
Batting: LHB Jeremy Robertson 0-0: Ball
1-0: Called Strike
1-1: Fly out, F6 (Popup, 6M, EV 61.9 MPH)
Bottom of the 2nd over - 0 runs, 0 hits, 0 errors, 0 left on base; Fresno State University 0 - Vanderbilt University 0
TOP OF THE 3RD
Fresno State University Bulldogs batting - Pitching for Vanderbilt University Commodores : RHP Francisco Galindo
Batting: SHB Andres Agudo 0-0: Foul Ball, location: 2F
0-1: Ball
1-1: Bunt for hit to 15S - play at first, batter safe!
Batting: RHB Janne Vihko 0-0: Grounds into double play, 6-4-3 (Groundball, 6, EV 107.5 MPH)
Batting: LHB Vinny Rivera 0-0: Called Strike
0-1: Ball
1-1: Ground out 4-3 (Groundball, 4, EV 81.9 MPH)
Top of the 3rd over - 0 runs, 1 hit, 0 errors, 0 left on base; Fresno State University 0 - Vanderbilt University 0
BOTTOM OF THE 3RD
Vanderbilt University Commodores batting - Pitching for Fresno State University Bulldogs : LHP Cory Youngquist
Batting: RHB Chris Bohm 0-0: Foul Ball, location: 2F
0-1: Ball
1-1: Called Strike
1-2: Ball
2-2: Strikes out swinging
Batting: RHB D.J. Cooke 0-0: Ball
1-0: Ball
2-0: Swinging Strike
2-1: Foul Ball, location: 2F
2-2: Foul Ball, location: 2F
2-2: Strikes out looking
Batting: RHB Chris Maul 0-0: Ball
1-0: Ball
2-0: Ball
3-0: Called Strike
3-1: Reached on error, E6 (Groundball, 6, EV 86.9 MPH)
Batting: RHB Sam Spohn 0-0: Called Strike
0-1: Ball
1-1: Ball
2-1: Called Strike
2-2: Foul Ball, location: 2F
2-2: Ball
3-2: Base on Balls
Chris Maul to second
Batting: RHB Jonathan Mendoza 0-0: Foul Ball, location: 2F
0-1: Ball
1-1: Ball
2-1: Foul Ball, location: 2F
2-2: Ball
3-2: Strikes out looking
Bottom of the 3rd over - 0 runs, 0 hits, 1 error, 2 left on base; Fresno State University 0 - Vanderbilt University 0
TOP OF THE 4TH
Fresno State University Bulldogs batting - Pitching for Vanderbilt University Commodores : RHP Francisco Galindo
Batting: RHB Tommy Tracy 0-0: Swinging Strike
0-1: Ball
1-1: Ground out U3 (Groundball, 34, EV 80.6 MPH)
Batting: RHB Todd Vanasco 0-0: Ball
1-0: Foul Ball, location: 2F
1-1: Swinging Strike
1-2: Ground out 4-3 (Groundball, 4, EV 78.1 MPH)
Batting: LHB Mike Roberts 0-0: Ball
1-0: Ball
2-0: SINGLE (Groundball, 6MD, EV 94.4 MPH)
Batting: RHB Miguel Velasco 0-0: Ground out U3 (Groundball, 3L, EV 83.8 MPH)
Top of the 4th over - 0 runs, 1 hit, 0 errors, 1 left on base; Fresno State University 0 - Vanderbilt University 0
BOTTOM OF THE 4TH
Vanderbilt University Commodores batting - Pitching for Fresno State University Bulldogs : LHP Cory Youngquist
Batting: RHB Ben Politi 0-0: Ball
1-0: Foul Ball, location: 2F
1-1: Ball
2-1: Swinging Strike
2-2: Foul Ball, location: 2F
2-2: Ground out 5-3 (Groundball, 56, EV 96.2 MPH)
Batting: RHB Jeremy Harden 0-0: Ball
1-0: Foul Ball, location: 2F
1-1: Ball
2-1: Ball
3-1: Base on Balls
Batting: RHB Michael Powell 0-0: Ball
1-0: Called Strike
1-1: Called Strike
1-2: SINGLE (Line Drive, 6MD, EV 98.1 MPH)
Jeremy Harden to second
Batting: LHB Jeremy Robertson 0-0: Ball
1-0: Fly out, F8 (Flyball, 8LXD, EV 98.1 MPH)
Runner from 2nd tags up, SAFE at 3rd, no throw by CF
Batting: RHB Chris Bohm 0-0: Called Strike
0-1: Ball
1-1: Ball
2-1: Called Strike
2-2: TRIPLE (Flyball, 89XD, EV 93.1 MPH)
Jeremy Harden scores
Michael Powell scores
Pitching: RHP Ryan Powers
Batting: RHB D.J. Cooke 0-0: Called Strike
0-1: Swinging Strike
0-2: Ball
1-2: Ball
2-2: Strikes out looking
Bottom of the 4th over - 2 runs, 2 hits, 0 errors, 1 left on base; Fresno State University 0 - Vanderbilt University 2
TOP OF THE 5TH
Fresno State University Bulldogs batting - Pitching for Vanderbilt University Commodores : RHP Francisco Galindo
Pitching: RHP Rich Crousse
Batting: RHB Ryan Miller 0-0: Ball
1-0: SINGLE (Groundball, 34D, EV 101.9 MPH)
Batting: SHB Javy Franco 0-0: Sac Bunt to 13 - play at first, batter OUT! 1-3
Ryan Miller to second
Batting: SHB Andres Agudo 0-0: Ball
1-0: Ball
2-0: Foul Ball, location: 2F
2-1: Foul Ball, location: 2F
2-2: SINGLE (Groundball, 4MD, EV 101.9 MPH)
Ryan Miller to third
Runner from 3rd tries for Home, SAFE, throw by CF to home
Andres Agudo to second
Pinch Hitting: RHB Phil Hamby 0-0: Fly out, F7 (Flyball, 7LD, EV 109.4 MPH)
Batting: LHB Vinny Rivera 0-0: Ball
1-0: Foul Ball, location: 2F
1-1: Ball
2-1: Ball
3-1: Base on Balls
Batting: RHB Tommy Tracy 0-0: Ball
1-0: Foul Ball, location: 2F
1-1: 3-RUN HOME RUN (Flyball, 7LD, EV 94.4 MPH), Distance : 358 ft
Pitching: RHP Rogelio Burrola
Batting: RHB Todd Vanasco 0-0: Called Strike
0-1: Foul Ball, location: 2F
0-2: Ball
1-2: Strikes out swinging
Top of the 5th over - 4 runs, 3 hits, 0 errors, 0 left on base; Fresno State University 4 - Vanderbilt University 2
BOTTOM OF THE 5TH
Vanderbilt University Commodores batting - Pitching for Fresno State University Bulldogs : RHP Ryan Powers
Now in LF: Andrew Pride
Now in CF: Vinny Rivera
Batting: RHB Chris Maul 0-0: Called Strike
0-1: Ball
1-1: Called Strike
1-2: Foul Ball, location: 2F
1-2: Fly out, F8 (Line Drive, 8RM, EV 90.6 MPH)
Batting: RHB Sam Spohn 0-0: Ball
1-0: Ball
2-0: Called Strike
2-1: Swinging Strike
2-2: Fly out, F9 (Flyball, 9S, EV 88.8 MPH)
Batting: RHB Jonathan Mendoza 0-0: Called Strike
0-1: Fly out, F9 (Flyball, 9D, EV 83.1 MPH)
Bottom of the 5th over - 0 runs, 0 hits, 0 errors, 0 left on base; Fresno State University 4 - Vanderbilt University 2
TOP OF THE 6TH
Fresno State University Bulldogs batting - Pitching for Vanderbilt University Commodores : RHP Rogelio Burrola
Batting: LHB Mike Roberts 0-0: Ball
1-0: Swinging Strike
1-1: Foul Ball, location: 2F
1-2: Foul Ball, location: 2F
1-2: Ball
2-2: Foul Ball, location: 2F
2-2: Strikes out swinging
Batting: RHB Miguel Velasco 0-0: Foul Ball, location: 2F
0-1: Foul Ball, location: 2F
0-2: Foul Ball, location: 2F
0-2: Strikes out swinging
Pitching: RHP Jonathan Rosales
Batting: RHB Ryan Miller 0-0: Called Strike
0-1: Ball
1-1: Foul Ball, location: 2F
1-2: Foul Ball, location: 2F
1-2: Ground out 4-3 (Groundball, 34, EV 83.8 MPH)
Top of the 6th over - 0 runs, 0 hits, 0 errors, 0 left on base; Fresno State University 4 - Vanderbilt University 2
BOTTOM OF THE 6TH
Vanderbilt University Commodores batting - Pitching for Fresno State University Bulldogs : RHP Ryan Powers
Batting: RHB Ben Politi 0-0: Called Strike
0-1: Ball
1-1: Foul Ball, location: 2F
1-2: Ball
2-2: Foul Ball, location: 2F
2-2: Ball
3-2: Foul Ball, location: 2F
3-2: Foul Ball, location: 2F
3-2: Foul Ball, location: 2F
3-2: Fly out, F8 (Flyball, 8LM, EV 87.5 MPH)
Batting: RHB Jeremy Harden 0-0: Foul Ball, location: 2F
0-1: Ball
1-1: Ball
2-1: Swinging Strike
2-2: SOLO HOME RUN (Flyball, 7D, EV 108.8 MPH), Distance : 404 ft
Batting: RHB Michael Powell 0-0: Called Strike
0-1: Ball
1-1: Ground out 4-3 (Groundball, 4S, EV 88.8 MPH)
Batting: LHB Jeremy Robertson 0-0: Called Strike
0-1: Ball
1-1: Ball
2-1: Called Strike
2-2: SINGLE (Groundball, 34D, EV 106.2 MPH)
Pitching: RHP Wally Dethridge
Batting: RHB Chris Bohm 0-0: Fielders Choice at 2nd, 5-4 (Groundball, 56, EV 93.8 MPH)
Bottom of the 6th over - 1 run, 2 hits, 0 errors, 1 left on base; Fresno State University 4 - Vanderbilt University 3
TOP OF THE 7TH
Fresno State University Bulldogs batting - Pitching for Vanderbilt University Commodores : RHP Jonathan Rosales
Batting: SHB Javy Franco 0-0: Ball
1-0: Called Strike
1-1: Foul Ball, location: 2F
1-2: Strikes out swinging
Batting: SHB Andres Agudo 0-0: Ball
1-0: Called Strike
1-1: Hit by Pitch
Batting: RHB Andrew Pride 0-0: Swinging Strike
0-1: Swinging Strike
0-2: Ball
1-2: Strikes out swinging
Pinch Hitting: RHB Tony Aguiar 0-0: Ball
1-0: Foul Ball, location: 2F
1-1: Fly out, F9 (Line Drive, 89M, EV 93.1 MPH)
Top of the 7th over - 0 runs, 0 hits, 0 errors, 1 left on base; Fresno State University 4 - Vanderbilt University 3
BOTTOM OF THE 7TH
Vanderbilt University Commodores batting - Pitching for Fresno State University Bulldogs : RHP Wally Dethridge
Now in CF: Cale Fallon
Batting: RHB D.J. Cooke 0-0: Fly out, F8 (Flyball, 8RS, EV 79.4 MPH)
Batting: RHB Chris Maul 0-0: Foul Ball, location: 2F
0-1: Ball
1-1: SINGLE (Flyball, 89S, EV 86.2 MPH)
Pinch Hitting: RHB Joel Gomez 0-0: Ball
1-0: Called Strike
1-1: Ball
2-1: Ball
3-1: Hit by Pitch
Chris Maul to second
Batting: LHB Alberto Carrillo 0-0: Called Strike
0-1: Called Strike
Joel Gomez is caught stealing 2nd base 2-6
Chris Maul steals 3rd base
0-2: Foul Ball, location: 2F
0-2: Ball
1-2: Ball
2-2: Ball
3-2: Base on Balls
Pinch Hitting: LHB Karel Hort 0-0: Foul Ball, location: 2F
0-1: Ball
1-1: Ball
2-1: Ground out 1-3 (Groundball, 15S, EV 65.6 MPH)
Bottom of the 7th over - 0 runs, 1 hit, 0 errors, 2 left on base; Fresno State University 4 - Vanderbilt University 3
TOP OF THE 8TH
Fresno State University Bulldogs batting - Pitching for Vanderbilt University Commodores : RHP Jonathan Rosales
Now at 1B: Joel Gomez
Now in RF: Karel Hort
Pinch Hitting: SHB Jack Tierney 0-0: Called Strike
0-1: Ball
1-1: Ground out 6-3 (Groundball, 6, EV 80.0 MPH)
Batting: RHB Todd Vanasco 0-0: Ball
1-0: Swinging Strike
1-1: Called Strike
1-2: Foul Ball, location: 2F
1-2: Foul Ball, location: 2F
1-2: TRIPLE (Line Drive, 78XD, EV 112.5 MPH)
Batting: LHB Mike Roberts 0-0: Intentional Walk
Batting: RHB Wali Mulogo 0-0: Called Strike
0-1: Fly out, F8 (Flyball, 8RM, EV 83.1 MPH)
Batting: RHB Ryan Miller 0-0: Called Strike
0-1: Ball
1-1: Fly out, F4 (Flyball, 4D, EV 86.2 MPH)
Top of the 8th over - 0 runs, 1 hit, 0 errors, 2 left on base; Fresno State University 4 - Vanderbilt University 3
BOTTOM OF THE 8TH
Vanderbilt University Commodores batting - Pitching for Fresno State University Bulldogs : RHP Wally Dethridge
Now in LF: Jack Tierney
Now in RF: Juan Gallegos
Pinch Hitting: RHB Gustavo Diaz 0-0: Ball
1-0: Ground out 6-3 (Groundball, 56, EV 88.8 MPH)
Batting: RHB Michael Powell 0-0: Ball
1-0: Called Strike
1-1: SINGLE (Groundball, 6MD, EV 109.4 MPH)
Batting: LHB Jeremy Robertson 0-0: Swinging Strike
0-1: Called Strike
0-2: Foul Ball, location: 2F
0-2: SINGLE (Popup, 4S, EV 61.9 MPH)
Michael Powell to second
Batting: RHB Chris Bohm 0-0: Called Strike
0-1: Ball
1-1: Ball
Passed Ball!
Michael Powell to third
Jeremy Robertson to second
2-1: Foul Ball, location: 2F
2-2: Ball
3-2: Foul Ball, location: 2F
3-2: Foul Ball, location: 2F
3-2: Base on Balls
Pitching: LHP Dave Waiters
Batting: RHB D.J. Cooke 0-0: Ball
1-0: Called Strike
1-1: Foul Ball, location: 2F
1-2: Strikes out looking
Pitching: LHP Ron Fries
Batting: RHB Chris Maul 0-0: Foul Ball, location: 2F
0-1: Foul Ball, location: 2F
0-2: Strikes out swinging
Bottom of the 8th over - 0 runs, 2 hits, 0 errors, 3 left on base; Fresno State University 4 - Vanderbilt University 3
TOP OF THE 9TH
Fresno State University Bulldogs batting - Pitching for Vanderbilt University Commodores : RHP Jonathan Rosales
Pitching: RHP Frank Medrano
Now in LF: Gustavo Diaz
Batting: SHB Javy Franco 0-0: Ball
1-0: Ball
2-0: Called Strike
2-1: Swinging Strike
2-2: Ball
3-2: Ground out 4-3 (Groundball, 4S, EV 92.5 MPH)
Pinch Hitting: RHB Minoru Matsumoto 0-0: Ball
1-0: Swinging Strike
1-1: Ball
2-1: Foul Ball, location: 2F
2-2: Foul Ball, location: 2F
2-2: Strikes out swinging
Batting: RHB Juan Gallegos 0-0: Ground out 4-3 (Groundball, 4, EV 109.4 MPH)
Top of the 9th over - 0 runs, 0 hits, 0 errors, 0 left on base; Fresno State University 4 - Vanderbilt University 3
BOTTOM OF THE 9TH
Vanderbilt University Commodores batting - Pitching for Fresno State University Bulldogs : LHP Ron Fries
Pitching: RHP Moises Baez
Now at 3B: Minoru Matsumoto
Batting: RHB Joel Gomez 0-0: Ball
1-0: Called Strike
1-1: DOUBLE (Line Drive, 89M, EV 108.1 MPH)
Batting: LHB Alberto Carrillo 0-0: Ball
1-0: Called Strike
1-1: Ball
2-1: Ball
3-1: Base on Balls
Batting: LHB Karel Hort 0-0: Called Strike
0-1: Ball
Wild Pitch!
Joel Gomez to third
Alberto Carrillo to second
1-1: Intentional Walk
Pinch Hitting: LHB Jose Rodriguez 0-0: Ball
1-0: Ball
2-0: Fly out, F7 (Flyball, 7S, EV 86.2 MPH)
Pinch Hitting: SHB Jake Hayes 0-0: Ball
1-0: Called Strike
1-1: Foul Ball, location: 2F
1-2: Strikes out swinging
Pinch Hitting: RHB Alex Cardenas 0-0: Ball
1-0: Ball
2-0: Called Strike
2-1: GRAND SLAM HOME RUN (Flyball, 7D, EV 98.8 MPH), Distance : 401 ft
Bottom of the 9th over - 4 runs, 2 hits, 0 errors, 0 left on base; Fresno State University 4 - Vanderbilt University 7
Game Over ... Vanderbilt University defeats Fresno State University, 7 to 4
Thursday, March 31st , 2022 - OOTP Baseball 22.12 Build 89